 Dungeon Crawl Stone Soup version 0.30-a0-883-g5ad918d77d (webtiles) character file.

Game seed: 1973147515518560091

30101 gelatine the Fighter (level 13, 0/106 HPs)
             Began as a Demonspawn Gladiator on Mar 17, 2023.
             Killed from afar by an oklob plant (12 damage)
             ... with a splash of acid
             ... on level 4 of the Lair of Beasts.
             The game lasted 00:49:26 (16765 turns).

gelatine the Fighter (Demonspawn Gladiator)        Turns: 16765, Time: 00:49:27

Health: 0/106      AC: 27    Str: 16    XL:     13   Next: 18%
Magic:  17/17      EV: 28    Int:  9    God:
Gold:   352        SH:  0    Dex: 15    Spells: 14/17 levels left

rFire   . . .      SeeInvis .    i - +5 woodcutter's axe
rCold   . . .      Faith    .    (shield currently unavailable)
rNeg    . . .      Spirit   .    x - +8 plate armour of Benevolence {Harm Rampage rPois Str-2}
rPois   +          Reflect  .    c - +1 helmet
rElec   .          Rampage  +    (no cloak)
rCorr   .          Harm     + .  V - +0 pair of gloves
Will    .....                    g - +0 pair of boots Stlth
                                 m - amulet of the acrobat
HPRegen 0.37/turn                w - +5 ring of evasion
MPRegen 0.15/turn                o - +4 ring of protection

@: corroded, sanguine armoured, acrobatic, studying 2 skills
A: foul stench 3, sanguine armour 2, demonic magic 1, talons 1, weak 1
a: no special abilities


You were on level 4 of the Lair of Beasts.
You visited 3 branches of the dungeon, and saw 15 of its levels.

You collected 1027 gold pieces.
You spent 675 gold pieces at shops.

Inventory:

Hand Weapons
 a - a +1 war axe of protection
 i - the +5 woodcutter's axe (weapon)
   (You found it on level 3 of the Dungeon)
 B - a +1 war axe of electrocution
 P - the +10 spear of Fiotadde {antimagic, Stlth+}
   (You found it on level 9 of the Dungeon)

   Stlth:     It makes you more stealthy.
Missiles
 q - a silver boomerang
 y - a throwing net
 z - 12 poisoned darts
 O - 6 javelins
 S - 4 boomerangs (quivered)
Armour
 c - a +1 helmet (worn)
 d - a +0 buckler
 e - an orb of light
 g - a +0 pair of boots (worn)
 t - a +0 kite shield
 x - the +8 plate armour of Benevolence (worn) {Harm Rampage rPois Str-2}
   (You found it on level 3 of the Lair of Beasts)

   Str:       It affects your strength (-2).
   rPois:     It protects you from poison.
   Harm:      It increases damage dealt and taken.
   Rampage:   It bestows one free step when moving towards enemies.
 C - +0 steam dragon scales
 L - a +0 troll leather armour
 V - a +0 pair of gloves (worn)
 Z - the +1 robe of Existentialism {+Blink}
   (You found it on level 1 of the Lair of Beasts)

   +Blink:    It lets you blink.
Jewellery
 m - an amulet of the acrobat (around neck)
 o - a +4 ring of protection (right hand)
 w - a +5 ring of evasion (left hand)
 F - a ring of ice
 R - a +6 ring of intelligence
Wands
 E - a wand of mindburst (20)
 G - a wand of charming (7)
 I - a wand of acid (13)
 N - a wand of roots (7)
 U - a wand of flame (23)
Scrolls
 b - 3 scrolls of enchant weapon
 f - 3 scrolls of fear
 h - 2 scrolls of blinking
 n - 2 scrolls of immolation
 p - a scroll of brand weapon
 r - 2 scrolls of poison
 u - a scroll of magic mapping
 v - 11 scrolls of teleportation
 H - 4 scrolls of fog
 J - a scroll of amnesia
 W - a scroll of vulnerability {unknown}
Potions
 j - 2 potions of cancellation
 k - 7 potions of curing
 l - a potion of heal wounds
 s - 5 potions of attraction
 A - a potion of brilliance {unknown}
 D - 4 potions of lignification {unknown}
 K - 2 potions of flight {unknown}
 M - 3 potions of invisibility {unknown}
 Q - a potion of resistance {unknown}
 T - a potion of might {unknown}
 X - a potion of magic
Miscellaneous
 Y - a piece from Xom's chessboard (15/15)


   Skills:
 * Level 11.1 Fighting
 * Level 9.1 Axes
 + Level 0.9(5.7) Polearms
 + Level 5.5 Throwing
 * Level 8.0 Armour
 * Level 9.3 Dodging
 + Level 4.9 Stealth
 * Level 5.7 Shields
 + Level 2.7 Spellcasting
 * Level 2.5 Transmutations
 * Level 2.3 Fire Magic
 * Level 2.2 Poison Magic
 + Level 5.3 Evocations


You had 14 spell levels left.
You knew the following spells:

 Your Spells              Type           Power      Damage    Failure   Level
a - Ignite Poison         Fire/Tmut/Pois 5%         N/A       100%        3

Your spell library contained the following spells:

 Spells                   Type           Power      Damage    Failure   Level
 Apportation              Tloc           2%         N/A       100%        1
 Necrotise                Necr           4%         1d4       100%        1
 Shock                    Conj/Air       4%         1d3       100%        1
 Summon Small Mammal      Summ           4%         N/A       100%        1
 Ensorcelled Hibernation  Hex/Ice        2%         N/A       100%        2
 Scorch                   Fire           10%        2d5       100%        2
 Spider Form              Tmut/Pois      5%         N/A       100%        3
 Swiftness                Air            1%         N/A       100%        3
 Vhi's Electric Charge    Tloc/Air       2%         N/A       100%        3
 Airstrike                Air            0%         2d(1-17)  100%        4
 Anguish                  Hex/Necr       0%         N/A       100%        4
 Animate Armour           Summ/Erth      2%         N/A       100%        4
 Flame Wave               Conj/Fire      3%         2d5       100%        4
 Petrify                  Tmut/Erth      3%         N/A       100%        4
 Sticky Flame             Conj/Fire      3%         2d3       100%        4
 Arcjolt                  Conj/Air       0%         1d10      100%        5
 Blade Hands              Tmut           2%         N/A       100%        5
 Metabolic Englaciation   Hex/Ice        0%         N/A       100%        5
 Iron Shot                Conj/Erth      0%         9d1       100%        6
 Statue Form              Tmut/Erth      2%         N/A       100%        6
 Summon Cactus Giant      Summ           0%         N/A       100%        6
 Ignition                 Fire           2%         3d3       100%        8
 Maxwell's Capacitive Co  Air            0%         ∞         100%        8


Dungeon Overview and Level Annotations

Branches:
Dungeon (10/15)            Temple (1/1) D:5            Lair (4/5) D:8
 Shoals (0/4) Lair:3        Snake (0/4) Lair:3        Slime (0/5) Lair:4
    Orc: D:9-12

Altars:
Ashenzari
Cheibriados
Dithmenos
Fedhas
Gozag
Hepliaklqana
Kikubaaqudgha
Makhleb
Nemelex Xobeh
Okawaru
Qazlal
Ru
Sif Muna
Trog
Uskayaw
Vehumet
Wu Jian
Xom
Yredelemnul
Jiyva

Shops:
D:3 ?

Annotations:
Lair:4 exclusion: 4 oklob plants


Innate Abilities, Weirdness & Mutations

You frequently emit foul miasma when damaged in melee.
When seriously injured, your blood forms thick armour. (AC +9)
Spells you cast may paralyse adjacent enemies.
You have sharp toenails.
You are weak. (Str -2)


Message History

The acid corrodes you! The oklob plant spits acid at you.
The splash of acid misses you.
You are no longer corroded.
Your blood armour dries and flakes away.
Partly explored, can't reach some places.
Really walk into a travel-excluded area?
Really walk into a travel-excluded area?
The oklob plant spits acid at you. The splash of acid hits you!
The oklob plant spits acid at you. The splash of acid misses you.
The oklob plant spits acid at you.
The splash of acid hits you but does no damage.
The acid corrodes you!
You slash the oklob plant!
The oklob plant is moderately damaged.
You hit the oklob plant but do no damage.
The oklob plant is moderately damaged.
You hit the oklob plant but do no damage.
The oklob plant is moderately damaged.
The oklob plant spits acid at you. The splash of acid hits you!!
Your blood congeals into armour.
You hit the oklob plant but do no damage.
The oklob plant is moderately damaged.
The oklob plant spits acid at you. The splash of acid hits you!!
* * * LOW HITPOINT WARNING * * *
The acid corrodes you! The oklob plant spits acid at you.
The splash of acid hits you but does no damage.
The oklob plant spits acid at you.
The splash of acid hits you but does no damage.
The acid corrodes you! The oklob plant spits acid at you.
The splash of acid hits you!
* * * LOW HITPOINT WARNING * * *
The oklob plant spits acid at you. The splash of acid hits you!
You die...

# ##.............#####...#
###..##.)...........## ##.##
#...................P#####P..#
##..#.........###.P.##.#.##.P#
# #......)...# ##..........##
##....[...## ##...........
###.......# ##..........#
###.#.......#####............
............@..............##
#..#..PPP..#...#...........#
#.....>P..######.........##
#....._...# ##.###..##.##
##.........# #...######..#
#P#..........####..######...#
...................###.##...#
#..##.#....##P.#...#P##....##
##..#########...........#


You could see 4 oklob plants.

Vanquished Creatures
  Josephine (D:10)
  5 hydras
  A boulder beetle (Lair:2)
  A two-headed ogre (D:9)
  Urug (D:10)
  The ghost of Pokonic1 the Tainter, a novice DsVM of Yredelemnul (D:9)
  A skyshark (Lair:2)
  An oklob plant (Lair:4)
  3 merfolk sirens (Lair:3)
  A rust devil (D:9)
  5 black mambas
  9 cane toads
  A gargoyle (D:10)
  3 rime drakes
  8 komodo dragons
  2 red devils (D:10)
  A merfolk (Lair:3)
  3 trolls
  A hornet (D:9)
  3 polar bears
  A hellwing (D:10)
  A shadow (D:10)
  5 wraiths
  A ynoxinul (D:10)
  2 chaos spawn (D:10)
  18 yaks
  4 basilisks
  2 wyverns
  2 steam dragons
  6 nagas (Lair:3)
  13 water moccasins
  A sky beast (D:7)
  An orc warrior (D:7)
  2 black bears
  An ice beast (D:7)
  2 ogres (D:5)
  13 wolves
  A centaur (D:9)
  4 phantoms
  10 bullfrogs
  A water moccasin zombie (D:4)
  4 scorpions
  5 wights (D:9)
  A water moccasin skeleton (D:4)
  4 killer bees (D:8)
  3 vampire bats (D:7)
  7 howler monkeys
  5 electric eels
  4 hounds
  2 quasits
  A gnoll bouda (D:7)
  3 jellies
  A bullfrog skeleton (D:4)
  An orc priest (D:7)
  4 sleepcaps
  Jessica (D:2)
  3 iguanas
  12 orc wizards
  A scorpion zombie (D:4)
  2 hound skeletons (D:4)
  15 gnolls
  12 adders
  2 white imps
  2 ufetubi (D:4)
  An adder zombie (D:4)
  A worm (D:3)
  A dart slug (D:1)
  31 orcs
  14 bats
  8 endoplasms
  6 goblins
  6 hobgoblins
  6 jackals
  4 kobolds
  7 quokkas
  3 ball pythons
  5 frilled lizards
  11 rats
342 creatures vanquished.

Vanquished Creatures (others)
  An unseen horror (D:10)
  A demonic plant (D:10)
  11 fungi
  37 plants
  A withered plant (D:4)
51 creatures vanquished.

Grand Total: 393 creatures vanquished

Notes
Turn   | Place    | Note
-------+----------+-------------------------------------------
     0 | D:1      | gelatine the Demonspawn Gladiator began the quest for the
                  | Orb.
     0 | D:1      | Reached XP level 1. HP: 16/16 MP: 1/1
   197 | D:1      | Gained mutation: You may rarely emit foul miasma when
                  | damaged in melee. [demonic ancestry]
   197 | D:1      | Reached XP level 2. HP: 22/22 MP: 2/2
   640 | D:1      | Reached XP level 3. HP: 25/27 MP: 3/3
  1150 | D:2      | Noticed Jessica
  1160 | D:2      | Killed Jessica
  1189 | D:2      | Got Jessica's Dissertation on Hexes
  1262 | D:2      | Reached skill level 5 in Fighting
  1262 | D:2      | Reached skill level 5 in Dodging
  1262 | D:2      | Gained mutation: You sometimes emit foul miasma when
                  | damaged in melee. [demonic ancestry]
  1262 | D:2      | Reached XP level 4. HP: 20/39 MP: 3/8
  1267 | D:2      | Gained mutation: You frequently emit foul miasma when
                  | damaged in melee. [demonic ancestry]
  1267 | D:2      | Reached XP level 5. HP: 17/44 MP: 3/9
  2305 | D:3      | Found the +5 woodcutter's axe
  2414 | D:3      | Found Nuixuac's Magic Scroll Shoppe.
  2474 | D:3      | Found a faded altar of an unknown god.
  2486 | D:3      | Reached XP level 6. HP: 46/51 MP: 10/10
  2999 | D:3      | Reached skill level 5 in Axes
  3050 | D:4      | Gained mutation: When seriously injured, your blood forms
                  | armour. (AC +9) [demonic ancestry]
  3050 | D:4      | Reached XP level 7. HP: 48/56 MP: 11/11
  3473 | D:5      | Entered Level 5 of the Dungeon
  3940 | D:5      | Found a staircase to the Ecumenical Temple.
  3949 | Temple   | Entered the Ecumenical Temple
  4127 | D:5      | Reached XP level 8. HP: 64/64 MP: 12/12
  4227 | D:5      | Reached skill level 6 in Fighting
  4512 | D:5      | Reached skill level 5 in Armour
  4614 | D:5      | Found a shimmering blue altar of Sif Muna.
  5229 | D:6      | Found a shadowy altar of Dithmenos.
  5229 | D:6      | Found a snail-covered altar of Cheibriados.
  5597 | D:7      | Reached skill level 1 in Shields
  5597 | D:7      | Reached skill level 1 in Evocations
  5712 | D:7      | Gained mutation: When seriously injured, your blood forms
                  | thick armour. (AC +9) [demonic ancestry]
  5712 | D:7      | Reached XP level 9. HP: 71/71 MP: 13/13
  5848 | D:7      | Found a stormy altar of Qazlal.
  5975 | D:7      | Found a hide-covered altar of Uskayaw.
  6250 | D:8      | Noticed a troll
  6259 | D:8      | Reached skill level 7 in Fighting
  6261 | D:8      | Killed a troll
  6539 | D:8      | Found a staircase to the Lair.
  6546 | D:8      | Noticed a troll
  6559 | D:8      | Killed a troll
  6958 | D:8      | Gained mutation: Spells you cast may paralyse adjacent
                  | enemies. [demonic ancestry]
  6958 | D:8      | Reached XP level 10. HP: 69/79 MP: 14/14
  7339 | D:9      | Noticed a two-headed ogre
  7352 | D:9      | Killed a two-headed ogre
  7418 | D:9      | Identified the +10 spear of Fiotadde {antimagic, Stlth+}
  7647 | D:9      | Found a runed translucent door.
  7647 | D:9      | Noticed Pokonic1's ghost (novice DsVM)
  7776 | D:9      | Reached skill level 8 in Fighting
  7948 | D:9      | Killed Pokonic1's ghost
  8163 | D:10     | Entered Level 10 of the Dungeon
  8163 | D:10     | Noticed a rust devil
  8174 | D:9      | Killed a rust devil
  8572 | D:10     | Noticed a gargoyle
  8586 | D:10     | Killed a gargoyle
  8710 | D:10     | Noticed Josephine
  8727 | D:10     | Killed Josephine
  8728 | D:10     | Reached XP level 11. HP: 41/87 MP: 15/15
  8894 | D:10     | Noticed Urug
  8913 | D:10     | Killed Urug
  9759 | Lair:1   | Entered Level 1 of the Lair of Beasts
  9772 | Lair:1   | Reached skill level 9 in Fighting
 10069 | Lair:1   | Reached skill level 5 in Throwing
 10760 | Lair:1   | Identified the +1 robe of Existentialism {+Blink}
 11135 | Lair:2   | Noticed a skyshark
 11146 | Lair:2   | Killed a skyshark
 11402 | Lair:2   | Noticed a four-headed hydra
 11414 | Lair:2   | Killed a four-headed hydra
 11415 | Lair:2   | Reached XP level 12. HP: 76/97 MP: 5/16
 11698 | Lair:2   | Reached skill level 10 in Fighting
 11999 | Lair:2   | Noticed a boulder beetle
 12016 | Lair:2   | Killed a boulder beetle
 12599 | D:3      | Bought a scroll of identify for 20 gold pieces
 12599 | D:3      | Bought a scroll of identify for 20 gold pieces
 12599 | D:3      | Bought a scroll of acquirement for 520 gold pieces
 12599 | D:3      | Bought a scroll of enchant weapon for 75 gold pieces
 12599 | D:3      | Bought a scroll of poison for 40 gold pieces
 12603 | D:3      | Learned a level 3 spell: Ignite Poison
 12767 | Lair:3   | Acquired a manual of Stealth
 12768 | Lair:3   | Acquired a manual of Shields
 12917 | Lair:3   | Noticed a five-headed hydra
 12933 | Lair:3   | Killed a five-headed hydra
 12935 | Lair:3   | Noticed a five-headed hydra
 13095 | Lair:3   | Killed a five-headed hydra
 13096 | Lair:3   | Reached skill level 5 in Shields
 13259 | Lair:3   | Reached skill level 1 in Poison Magic
 13261 | Lair:3   | Reached skill level 1 in Fire Magic
 13344 | Lair:3   | Reached skill level 1 in Transmutations
 13442 | Lair:3   | Reached skill level 5 in Evocations
 13514 | Lair:3   | Noticed a five-headed hydra
 13528 | Lair:3   | Killed a five-headed hydra
 13707 | Lair:3   | Identified the +8 plate armour of Benevolence {Harm Rampage
                  | rPois Str-2}
 13853 | Lair:3   | Found a staircase to the Snake Pit.
 14281 | Lair:3   | Gained mutation: You have sharp toenails. [potion of
                  | mutation]
 14281 | Lair:3   | Gained mutation: You are weak. (Str -2) [potion of
                  | mutation]
 14318 | Lair:3   | Found a staircase to the Shoals.
 15200 | Lair:4   | Noticed a five-headed hydra
 15214 | Lair:4   | Killed a five-headed hydra
 15215 | Lair:4   | Reached XP level 13. HP: 90/105 MP: 5/17
 15427 | Lair:4   | Reached skill level 11 in Fighting
 16223 | Lair:4   | Found a viscous altar of Jiyva.
 16498 | Lair:4   | Found a staircase to the Slime Pits.
 16765 | Lair:4   | Killed from afar by an oklob plant

Illustrated notes

Levels and vault maps discovered:
D:1:      minmay_arrival_loop, layout_loops_corners, hangedman_glass_teeth,
          minmay_misc_feat_square
D:2:      layout_loops_ring, kennysheep_jessica_study
D:3:      minmay_spotlight, layout_loops_ring, serial_shops,
          nicolae_shop_behind_doors, hellmonk_ecumenical_altar_arch_garden,
          st_stairs_11
D:4:      layout_rooms, serial_undead, serial_undead_c, serial_undead_c,
          serial_undead_f, serial_undead_d, kennysheep_crisscross
D:5:      layout_basic, kennysheep_orc_sif_temple, minmay_temple_entry_wispy
D:6:      layout_loops_ring, gammafunk_temple_overflow_elements,
          amcnicky_mini_pool_small
D:7:      layout_rooms, general_overflow_altar, mainiacjoe_overflow_alcove_4,
          roderic_batcave, kennysheep_boxes
D:8:      layout_loops_ring, erik_lair_island
D:9:      layout_basic, hellmonk_ghost_happy_afterlife
D:10:     layout_cave_pools, enter_bailey_8, serial_demonic, serial_demonic_d,
          serial_demonic_f, serial_demonic_g, serial_demonic_d, uniq_josephine,
          uniq_urug
Temple:   nicolae_temple_bog_church
Lair:1:   layout_roguey, beast_lair_carwin_11
Lair:2:   layout_gridlike, cheibrodos_lair_reptile_den, grunt_megastairs_5
Lair:3:   layout_hall_layers, elwin_shoals_entry_stream,
          minmay_snake_entry_guardpost_medium, st_stairs_6, lemuel_fruit_fields,
          grunt_megastairs_2
Lair:4:   layout_small_grid, minmay_slime_entry_oklob_open, serial_bayou_shore_a

Skill      XL: |  1  2  3  4  5  6  7  8  9 10 11 12 13 |
---------------+----------------------------------------+-----
Axes           | 3 4 5 6 7 8 9 |  9.1
Dodging        | 3 5 6 7 8 9 |  9.3
Fighting       | 5 6 7 8 9 10 11 | 11.1
Throwing       | 3 4 5 |  5.5
Armour         | 4 5 6 7 8 |  8.0
Stealth        | 3 4 |  4.9
Spellcasting   | 2 |  2.7
Shields        | 1 2 3 4 5 |  5.7
Evocations     | 1 2 3 4 5 |  5.3
Poison Magic   | 1 2 |  2.2
Fire Magic     | 2 |  2.3
Transmutations | 2 |  2.5
Polearms       | |  0.9

Action                     |  1- 3 |  4- 6 |  7- 9 | 10-12 | 13-15 || total
---------------------------+-------+-------+-------+-------+-------++-------
  Melee: War axe           |    64 |    75 |       |       |       ||   139
         Punch             |     1 |       |       |     1 |       ||     2
         Battleaxe         |       |    39 |   258 |   471 |    60 ||   828
         Spear             |       |       |       |    48 |     2 ||    50
  Throw: Throwing net      |     3 |     3 |       |       |       ||     6
         Javelin           |       |     4 |    23 |    17 |       ||    44
         Dart              |       |       |    15 |    97 |       ||   112
         Boomerang         |       |       |       |       |    17 ||    17
  Evoke: Wand              |       |       |       |     4 |       ||     4
    Use: Potion            |     4 |       |       |     9 |       ||    13
         Scroll            |       |     5 |     2 |    14 |       ||    21
   Stab: Sleeping          |     1 |     3 |     5 |     6 |       ||    15
 Armour: Leather armour    |    32 |    24 |    20 |       |       ||    76
         Steam dragon scal |       |       |    51 |   119 |       ||   170
         Plate armour      |       |       |       |    61 |    34 ||    95
  Dodge: Dodged            |    53 |   119 |   213 |   572 |    24 ||   981
  Block: Buckler           |       |     5 |       |       |       ||     5

Table legend: (Time is in decaauts)
 A = Elapsed time spent in this place.
 B = Non-inter-level travel time spent in this place.
 C = Inter-level travel time spent in this place.
 D = Time resting spent in this place.
 E = Time spent auto-exploring this place.
 F = Levels seen in this place.
 G = Mean time per level.
                   A        B        C        D        E       F      G
               +--------+--------+--------+--------+--------+-----+--------+
         Total |  16833 |  16005 |    828 |      0 |  12821 |  15 | 1122.2 |
       Dungeon |   9951 |   9321 |    630 |      0 |   7102 |  10 |  995.1 |
        Temple |    158 |    158 |      0 |      0 |    141 |   1 |  158.0 |
          Lair |   6723 |   6526 |    197 |      0 |   5577 |   4 | 1680.8 |
               +--------+--------+--------+--------+--------+-----+--------+

Top non-repeatable levels by time:
  Lair:3: 2022 daAuts
  Lair:4: 1830 daAuts
  Lair:2: 1580 daAuts
  Lair:1: 1290 daAuts
    D:10: 1266 daAuts
     D:9: 1258 daAuts
     D:8: 1146 daAuts
     D:1: 1127 daAuts
     D:5: 1113 daAuts
     D:2: 1044 daAuts
     D:3: 993 daAuts
     D:6: 772 daAuts
     D:7: 770 daAuts
     D:4: 458 daAuts
  Temple: 158 daAuts
